 Dungeon Crawl Stone Soup version 0.29.1-12-g30fa7ad0bf (webtiles) character file.

Game seed: 770438455416049237

12 DoIIoM the Digger (level 2, 0/18 HPs)
             Began as an Octopode Earth Elementalist on Jan 15, 2023.
             Slain by a jackal (2 damage)
             ... on level 1 of the Dungeon.
             The game lasted 00:01:05 (367 turns).

DoIIoM the Digger (Octopode Earth Elementalist)      Turns: 367, Time: 00:01:06

Health: 0/18       AC:  1    Str:  7    XL:     2   Next: 33%
Magic:  1/5        EV: 13    Int: 17    God:
Gold:   2          SH:  0    Dex: 12    Spells: 4/5 levels left

rFire   . . .      SeeInvis .   g - +0 dagger
rCold   . . .      Faith    .   (no shield)
rNeg    . . .      Spirit   .   (helmet restricted)
rPois   .          Reflect  .   (no amulet)
rElec   .          Harm     .   (no ring)
rCorr   .          Rampage  .   (no ring)
Will    .....                   (no ring)
Stlth   +++.......              (no ring)
HPRegen 0.06/turn               (no ring)
MPRegen 0.09/turn               (no ring)
                                (no ring)
                                (no ring)

@: no status effects
A: almost no armour, amphibious, 8 rings, camouflage 1, gelatinous body 1,
(nimble swimmer 1), tentacles
a: no special abilities


You were on level 1 of the Dungeon.
You visited 1 branch of the dungeon, and saw 1 of its levels.

You collected 2 gold pieces.

Inventory:

Hand Weapons
 g - a +0 dagger (weapon)
Jewellery
 b - an amulet of guardian spirit
 f - a ring of ice
Scrolls
 d - a scroll of fog {unknown}
 e - 2 scrolls of identify {unknown}
Potions
 a - a potion of magic
 c - a potion of curing {unknown}


   Skills:
 + Level 0.5 Fighting
 - Level 2.0 Dodging
 + Level 3.0 Stealth
 + Level 2.1 Spellcasting
 + Level 1.3 Transmutations
 + Level 3.1 Earth Magic


You had 4 spell levels left.
You knew the following spells:

 Your Spells              Type           Power      Damage    Failure   Level
a - Sandblast             Erth           24%        2d8       5%          1

Your spell library contained the following spells:

 Spells                   Type           Power      Damage    Failure   Level
 Passwall                 Tmut/Erth      7%         N/A       12%         2
 Stone Arrow              Conj/Erth      14%        3d7       30%         3
 Petrify                  Tmut/Erth      9%         N/A       58%         4


Dungeon Overview and Level Annotations

Branches:
Dungeon (1/15)

Altars:


Innate Abilities, Weirdness & Mutations

You cannot wear most types of armour.
You are amphibious.
You can wear up to eight rings at the same time.
Your skin changes colour to match your surroundings (Stealth+).
Your rubbery body absorbs attacks. (AC +1, EV +1)
((You are camouflaged when in or above water. (Stealth+)))
You have tentacles for arms and can constrict up to eight enemies at once.


Message History

The jackal bites you. The jackal misses you.
Unknown command.
Casting: Sandblast (safe; 5% risk of failure)
Confirm with . or Enter, or press ? or * to list all spells.
Aiming: Sandblast (safe; 5% risk of failure)
Press: ? - help, Shift-Dir - straight line, f/p - jackal
Aim: a jackal (heavily wounded, 77% to hit)
The blast of sand hits the jackal but does no damage.
The jackal is heavily wounded.
The jackal closely misses you. The jackal misses you. The jackal bites you.
* * * LOW HITPOINT WARNING * * *
The jackal misses you.
You are too injured to fight recklessly!
Unknown command.
You barely miss the jackal. You grab the jackal. You squeeze the jackal.
You kill the jackal!
The jackal closely misses you.
You hit the frilled lizard but do no damage.
Your grab misses the frilled lizard.
You squeeze the frilled lizard, but do no damage.
The jackal bites you.
* * * LOW HITPOINT WARNING * * *
The frilled lizard completely misses you.
The jackal barely misses you.
You closely miss the frilled lizard. Your grab misses the frilled lizard.
The frilled lizard bites you.
* * * LOW HITPOINT WARNING * * *
The jackal bites you.
* * * LOW HITPOINT WARNING * * *
You hit the frilled lizard.
You kill the frilled lizard!
The jackal misses you.
You barely miss the jackal. You grab the jackal. You constrict the jackal.
The jackal bites you.
* * * LOW HITPOINT WARNING * * *
The jackal misses you.
You hit the jackal but do no damage.
The jackal is moderately wounded.
You constrict the jackal. The jackal bites you.
You die...

..# ###.... #####..
##..##..... #. .......
....#.... ...
.......####..#?#.####.#.
####....!........#......
#.#................#.
###...#.#...#...#......
#...≈.....≈...≈......#
...#.§..≈...(#..@h≈...#
.≈...≈..§..§...≈.†....#
.....§.#.#....†..#.#....
#.#.#......§#.#.........
.....≈...§.....§...≈.##
##.§....#....≈....#.....
#.....≈...≈.....≈...≈...
#.#.#.......#.#.......##
.......#.#..§....#.#


You could see a jackal.

Vanquished Creatures
  A bat (D:1)
  2 giant cockroaches (D:1)
  A goblin (D:1)
  A hobgoblin (D:1)
  3 jackals (D:1)
  A frilled lizard (D:1)
  A kobold (D:1)
10 creatures vanquished.

Notes
Turn   | Place    | Note
-------+----------+-------------------------------------------
     0 | D:1      | DoIIoM the Octopode Earth Elementalist began the quest for
                  | the Orb.
     0 | D:1      | Reached XP level 1. HP: 11/11 MP: 3/3
   283 | D:1      | Reached XP level 2. HP: 13/18 MP: 1/5
   367 | D:1      | Slain by a jackal

Illustrated notes

Levels and vault maps discovered:
D:1:      dpeg_arrival_connections, layout_basic,
          chequers_ecumenical_altar_twisty, nicolae_kite_square_tiling_tiny

Skill      XL: |  1  2 |
---------------+-------+-----
Stealth        | 3 |  3.0
Fighting       | |  0.5
Dodging        | |  2.0
Spellcasting   | |  2.1
Transmutations | |  1.3
Earth Magic    | |  3.1

Action                   || total
-------------------------++-------
Melee: Unarmed           ||     8
       Dagger            ||    12
       Constrict         ||     6
       Tentacles         ||     6
 Cast: Sandblast         ||     8
 Stab: Sleeping          ||     1
Armor: Skin              ||     5
Dodge: Dodged            ||    26
